 Dungeon Crawl Stone Soup version 0.24.1-14-gf8d2b509d9 (webtiles) character file.

Game seed: 17745424862040501796, levelgen mode: deterministic

112 KlarStein the Skirmisher (level 4, -3/35 HPs)
             Began as a Demonspawn Fighter on Nov 26, 2020.
             Was a Follower of Dithmenos.
             Slain by a phantom (6 damage)
             ... on level 3 of the Dungeon.
             The game lasted 00:05:58 (2165 turns).

KlarStein the Skirmisher (Demonspawn Fighter)       Turns: 2165, Time: 00:05:58

Health: -3/35      AC:  6    Str: 16    XL:     4   Next: 64%
Magic:  4/4        EV:  6    Int: 10    God:    Dithmenos [*.....]
Gold:   104        SH:  9    Dex: 13    Spells: 3/3 levels left

rFire    . . .     SeeInvis .   a - +0 long sword
rCold    . . .     Gourm    .   c - +0 shield
rNeg     . . .     Faith    .   b - +0 scale mail
rPois    .         Spirit   .   (no helmet)
rElec    .         Reflect  .   (no cloak)
rCorr    .         Harm     .   (no gloves)
MR       .....                  (no boots)
Stlth    ..........             (no amulet)
HPRegen  0.11/turn              (no ring)
MPRegen  0.09/turn              (no ring)

@: hasted, wreathed by umbra, very quick
A: talons 1, powered by pain 1
a: Renounce Religion


You were on level 3 of the Dungeon.
You worshipped Dithmenos.
Dithmenos was aware of your devotion.
You were not hungry.

You visited 1 branch of the dungeon, and saw 3 of its levels.

You collected 104 gold pieces.

Inventory:

Hand Weapons
 a - a +0 long sword (weapon)
Armour
 b - a +0 scale mail (worn)
 c - a +0 shield (worn)
Magical Staves
 n - an uncursed staff of cold {unknown}
Scrolls
 e - a scroll of fog {unknown}
 h - 4 scrolls of identify {unknown}
 i - 2 scrolls of remove curse {unknown}
 k - a scroll of magic mapping {unknown}
Potions
 g - a potion of mutation {unknown}
 j - a potion of curing {unknown}
 l - a potion of lignification {unknown}
Comestibles
 f - 6 rations
 m - 2 chunks of flesh


   Skills:
 + Level 3.5 Fighting
 * Level 3.1 Long Blades
 + Level 3.2 Armour
 + Level 3.2 Shields


You had 3 spell levels left.
You didn't know any spells.
Your spell library was empty.

Dungeon Overview and Level Annotations

Branches:
Dungeon (3/15)

Altars:
Dithmenos
Hepliaklqana
Vehumet
Xom


Innate Abilities, Weirdness & Mutations

You have sharp toenails.
You sometimes gain a little power by taking damage.


Message History

The phantom is severely damaged.
You block the phantom's attack.
You hit the phantom but do no damage.
The phantom is severely damaged.
The phantom hits you.
* * * LOW HITPOINT WARNING * * *
You closely miss the phantom. You claw the phantom, but do no damage.
The phantom is severely damaged.
The phantom barely misses you.
Your shield and scale mail prevent you from hitting the phantom.
Your kick misses the phantom.
The phantom is heavily damaged.
You hit the phantom.
The phantom is severely damaged.
You block the phantom's attack.
Your shield prevents you from hitting the phantom.
Your kick misses the phantom.
The phantom is severely damaged.
The phantom hits you.
You die...

####### .....#
.#..#####.##.#
##.#...@W......# #
#..#.######.####
#.##.##.# ##.#####
#.......# ##......
####.####
##.....## #.#
##.......##
##.#####.........#
#.......#.......#
#..####.##.รท...##


You could see a phantom.

Vanquished Creatures
  A gnoll (D:1)
  4 adders
  A worm (D:2)
  3 dart slugs
  A leopard gecko (D:2)
  2 orcs (D:3)
  2 ball pythons (D:3)
  5 giant cockroaches (D:1)
  5 goblins
  6 hobgoblins
  7 bats
  6 frilled lizards
  7 kobolds
  5 rats
55 creatures vanquished.

Notes
Turn   | Place    | Note
-------+----------+-------------------------------------------
     0 | D:1      | KlarStein the Demonspawn Fighter began the quest for the
                  | Orb.
     0 | D:1      | Reached XP level 1. HP: 18/18 MP: 1/1
   168 | D:1      | Gained mutation: You sometimes gain a little power by
                  | taking damage. [demonic ancestry]
   168 | D:1      | Reached XP level 2. HP: 20/24 MP: 2/2
   481 | D:1      | Reached XP level 3. HP: 29/29 MP: 3/3
   978 | D:2      | Found a hazy altar of Hepliaklqana.
  1207 | D:2      | Found a shimmering altar of Xom.
  1209 | D:2      | Found a radiant altar of Vehumet.
  1209 | D:2      | Found a shadowy altar of Dithmenos.
  1220 | D:2      | Gained mutation: You have sharp toenails. [demonic
                  | ancestry]
  1220 | D:2      | Reached XP level 4. HP: 24/35 MP: 4/4
  1386 | D:2      | Became a worshipper of Dithmenos the Shadowed
  2107 | D:3      | Reached * piety under Dithmenos
  2130 | D:3      | Noticed a phantom
  2165 | D:3      | Slain by a phantom

Levels and vault maps discovered:
D:1:      lightli_arrival_flooded_house, layout_basic, kennysheep_small_spiral
D:2:      layout_loops_ring, grunt_temple_overflow_open, lemuel_doored_altar,
          serial_rivers, chequers_serial_rivers_micro_e,
          chequers_serial_rivers_room_b, chequers_serial_rivers_micro_e,
          chequers_serial_rivers_room_a, chequers_serial_rivers_small_a,
          chequers_serial_rivers_large_a
D:3:      layout_loops_cross

Skill      XL: |  1  2  3  4 |
---------------+-------------+-----
Long Blades    | 2 3 |  3.1
Shields        | 3 |  3.2
Armour         | 3 |  3.2
Fighting       | |  3.5

Action                   |  1- 3 |  4- 6 || total
-------------------------+-------+-------++-------
Melee: Long sword        |   113 |    80 ||   193
       Kick              |       |    12 ||    12
  Use: Potion            |     1 |     1 ||     2
  Eat: Chunk             |     1 |     3 ||     4
Armor: Scale mail        |    53 |    29 ||    82
Dodge: Dodged            |    44 |    21 ||    65
Block: Shield            |    58 |    42 ||   100
       Rpst.: Long sword |    11 |     6 ||    17
